Map: Pylon LE

Players

bones

  • Race: Terran Terran
  • Spawn Location: 5:00

A.I. 1 (Medium)

  • Race: Protoss Protoss
  • Spawn Location: 11:00

VOD

Have the link to the VOD?

Description

Time

  • Played on: Aug. 11, 2025, 8:32 p.m.
  • Length: 10:34
Show
View Real Time Build Order
Export as new Build Order

bones Terran 

Build Orders: Reaper Expand 

Get SALT Encoding   

  12  0:00  SCV  
  13  0:12  SCV  
  14  0:17  Supply Depot  
  14  0:24  SCV  
  15  0:38  SCV  
  15  0:39  Barracks  
  16  0:44  Refinery  
  16  0:51  SCV  
  17  1:03  SCV  
  18  1:15  SCV  
  19  1:27  Reaper  
  19  1:28  Orbital Command  
  20  1:39  Command Center  
  20  1:49  Supply Depot  
  20  1:54  SCV  
  21  2:05  Factory  
  21  2:06  SCV  
  22  2:18  SCV  
  22  2:21  Barracks Reactor  
  23  2:29  Refinery  
  23  2:45  SCV  
  24  2:55  Hellion  
  24  2:57  SCV, Starport  
  24  2:58  Marine x2  
  27  3:00  Orbital Command  
  28  3:09  SCV  
  29  3:21  SCV, Widow Mine  
  29  3:23  Marine x2  
  29  3:26  SCV  
  35  3:33  SCV  
  36  3:36  Medivac  
  36  3:38  SCV  
  39  3:42  Widow Mine  
  39  3:46  SCV  
  42  3:50  SCV  
  42  3:54  Supply Depot  
  43  3:58  SCV  
  43  3:59  Marine x2  
  46  4:16  SCV x2  
  48  4:25  Refinery x2, Supply Depot, Marine x2  
  48  4:27  Factory Tech Lab, Starport Tech Lab  
  48  4:28  SCV x2  
  52  4:43  Barracks  
  52  4:44  Barracks  
  52  4:45  Engineering Bay  
  52  4:46  Engineering Bay  
  50  5:05  Marine  
  50  5:06  Marine  
  50  5:07  Raven, Siege Tank  
  55  5:16  Interference Matrix  
  55  5:17  SCV x2, Command Center  
  55  5:20  Supply Depot  
  57  5:23  Marine x2  
  59  5:29  SCV x2  
  61  5:41  SCV, Barracks Tech Lab  
  61  5:42  Barracks Reactor, SCV  
  63  5:43  Supply Depot  
  63  5:50  Marine x2  
  63  5:52  Raven  
  63  5:53  Siege Tank  
  70  6:03  Terran Infantry Armor Level 1, Terran Infantry Weapons Level 1  
  70  6:04  SCV x2  
  72  6:06  Supply Depot  
  72  6:13  Marine x2  
  72  6:15  Marauder  
  72  6:16  SCV x2  
  72  6:17  Stimpack  
  78  6:18  Marine x2  
  80  6:28  SCV x2  
  80  6:29  Supply Depot  
  80  6:30  Marine  
  80  6:31  Marine  
  84  6:36  Marauder, Marine  
  84  6:39  Starport Reactor  
  87  6:40  SCV  
  87  6:42  SCV  
  89  6:52  SCV  
  90  7:00  SCV  
  91  7:01  Marine x3  
  91  7:02  Marine  
  91  7:03  Marauder  
  91  7:04  SCV, Siege Tank  
  91  7:08  Supply Depot  
  101  7:13  Barracks, SCV  
  102  7:19  Barracks x2, Marine x2  
  102  7:20  Armory  
  102  7:21  Marine x2  
  106  7:24  Marauder  
  106  7:25  Medivac  
  106  7:26  Medivac  
  112  7:31  Supply Depot  
  112  7:33  Orbital Command  
  112  7:35  SCV x2  
  112  7:37  Marine  
  114  7:39  Siege Tank  
  118  7:47  SCV x2  
  120  7:53  Marine x3, Marauder  
  120  7:54  Marine  
  126  7:59  SCV  
  126  8:00  SCV  
  126  8:02  Ghost Academy  
  128  8:07  Supply Depot  
  128  8:11  SCV  
  129  8:14  Marauder  
  129  8:15  Marauder  
  129  8:16  Barracks Reactor, Supply Depot  
  129  8:17  Barracks Reactor  
  133  8:25  SCV x3, Medivac x2  
  140  8:28  Refinery  
  140  8:30  Refinery, Supply Depot  
  140  8:36  Marauder  
  140  8:37  SCV x3, Ghost  
  140  8:39  Supply Depot, Marine x4  
  152  9:04  Marauder  
  152  9:05  Ghost  
  152  9:07  Marine x8  
  157  9:24  Ghost  
  157  9:25  Marine x7  
  167  9:34  Ghost  
  161  10:07  SCV  
  161  10:13  Marine x7, Marauder x2  
  173  10:14  Command Center  
  173  10:33  Supply Depot  
Show
View Real Time Build Order
Export as new Build Order

A.I. 1 (Medium) Protoss 

Build Orders: 1 Gate Expand 

Get SALT Encoding   

  12  0:00  Probe  
  13  0:13  Probe  
  14  0:19  Pylon  
  14  0:25  Probe  
  15  0:34  Probe  
  15  0:42  Probe  
  17  0:51  Gateway  
  17  1:08  Probe  
  17  1:10  Nexus  
  18  1:27  Pylon  
  18  1:29  Assimilator  
  18  1:40  Zealot  
  18  1:41  Cybernetics Core  
  18  1:42  Probe  
  21  1:54  Probe  
  22  2:04  Gateway  
  22  2:05  Probe  
  23  2:09  Stalker  
  23  2:13  Assimilator  
  23  2:17  Probe  
  23  2:20  Pylon  
  26  2:24  Warp Gate  
  26  2:28  Probe  
  26  2:34  Zealot  
  28  2:48  Probe  
  29  2:52  Probe  
  29  2:56  Adept  
  32  3:13  Adept  
  32  3:15  Assimilator  
  32  3:18  Probe  
  34  3:22  Adept  
  34  3:28  Probe  
  34  3:31  Probe  
  38  3:40  Probe  
  39  3:44  Probe  
  39  3:47  Sentry  
  42  3:52  Probe  
  43  3:56  Stalker, Probe  
  44  4:03  Pylon  
  44  4:04  Probe  
  44  4:08  Probe  
  48  4:17  Probe  
  49  4:20  Probe  
  49  4:22  Adept  
  52  4:27  Pylon  
  52  4:32  Probe x2  
  54  4:39  Adept  
  54  4:44  Probe  
  58  4:45  Probe  
  58  4:51  Pylon  
  58  4:56  Probe, Adept  
  58  4:57  Probe  
  57  5:07  Probe  
  57  5:09  Probe  
  57  5:13  Sentry  
  61  5:14  Robotics Facility  
  61  5:15  Probe  
  62  5:22  Probe  
  62  5:24  Probe  
  62  5:25  Pylon  
  64  5:30  Probe, Stalker  
  64  5:34  Forge  
  64  5:35  Probe  
  67  5:38  Probe  
  69  5:47  Probe, Stalker  
  69  5:49  Probe  
  72  5:54  Pylon  
  73  5:59  Probe  
  73  6:01  Probe, Pylon, Observer  
  76  6:04  Stalker  
  76  6:08  Pylon  
  76  6:09  Photon Cannon  
  76  6:11  Probe, Photon Cannon  
  79  6:13  Probe  
  79  6:14  Observer  
  79  6:17  Stargate  
  80  6:22  Twilight Council  
  80  6:23  Probe  
  82  6:27  Gateway  
  82  6:30  Photon Cannon  
  82  6:35  Photon Cannon  
  82  6:43  Forge  
  82  7:14  Assimilator  
  82  7:32  Probe  
  83  9:08  Immortal  
  83  9:16  Gateway  
  87  9:19  Pylon  
  87  9:20  Zealot, Nexus  
  87  9:22  Dark Shrine  
  61  9:30  Zealot  
  58  9:40  Warp Prism  
  58  9:45  Void Ray  
  54  9:48  Zealot, Probe  
  39  9:57  Adept  
  35  10:00  Probe  
  33  10:07  Stalker  
  33  10:13  Probe  
  30  10:14  Photon Cannon  
  30  10:16  Sentry  
  28  10:26  Robotics Bay  
  26  10:32  Twilight Council  
  26  10:33  Stalker  
Tags
 
Add a new tag
Caveats
  • Supply blocks, unpowered buildings, or Contaminate may cause inaccurate times.
  • Supply counts are checked every 10 seconds.